 Dungeon Crawl Stone Soup version 0.27.0-1-g7a089689b8 (webtiles) character file.

Game seed: 16159183339540823189

4 BbI4ka the Ruffian (level 1, -1/18 HPs)
             Began as a Naga Transmuter on Aug 5, 2021.
             Slain by a quokka (3 damage)
             ... on level 1 of the Dungeon.
             The game lasted 00:00:42 (116 turns).

BbI4ka the Ruffian (Naga Transmuter)                 Turns: 116, Time: 00:00:43

Health: -1/18      AC:  1    Str: 12    XL:     1   Next: 60%
Magic:  2/3        EV:  9    Int: 13    God:
Gold:   32         SH:  0    Dex: 11    Spells: 3/4 levels left

rFire    . . .     SeeInvis +     - Unarmed
rCold    . . .     Faith    .   (no shield)
rNeg     . . .     Spirit   .   a - +0 robe
rPois    +         Reflect  .   (helmet currently unavailable)
rElec    .         Harm     .   (no cloak)
rCorr    .         Rampage  .   (no gloves)
Will     .....                  (no barding)
Stlth    +.........             (no amulet)
HPRegen  0.06/turn              (no ring)
MPRegen  0.08/turn              (no ring)

@: appendages (expiring), very slow
A: horns 2, AC +0, large, see invisible, deformed body, poison resistance,
slowness 2, spit poison 1, naga tail 1
a: Spit Poison, End Transformation


You were on level 1 of the Dungeon.
You had temporarily grown beastly horns.
You visited 1 branch of the dungeon, and saw 1 of its levels.

You collected 32 gold pieces.

Inventory:

Armour
 a - a +0 robe (worn)


   Skills:
 + Level 1.0 Fighting
 + Level 1.6 Dodging
 + Level 3.1 Unarmed Combat
 + Level 2.0 Spellcasting
 + Level 2.0 Transmutations


You had 3 spell levels left.
You knew the following spells:

 Your Spells              Type           Power      Damage    Failure   Level
a - Beastly Appendage     Tmut           12%        N/A       11%         1

Your spell library contained the following spells:

 Spells                   Type           Power      Damage    Failure   Level
 Wereblood                Tmut           6%         N/A       17%         2
 Spider Form              Tmut/Pois      2%         N/A       45%         3
 Ice Form                 Ice/Tmut       4%         N/A       86%         4


Dungeon Overview and Level Annotations

Branches:
Dungeon (1/15)

Altars:


Innate Abilities, Weirdness & Mutations

You have temporarily grown beastly horns.
Your serpentine skin is tough. (AC +0)
You have supernaturally acute eyesight. (SInv)
Armour fits poorly on your strangely shaped body.
Your system is resistant to poisons. (rPois)
You cover ground very slowly.
You can spit poison.
You have a snake-like lower body.


Message History

Your horns disappear.
A rat comes into view.
A rat is nearby!
You hit the rat but do no damage. The rat bites you.
You hit the rat.
The rat is heavily wounded.
The rat bites you.
You hit the rat.
You kill the rat!
HP restored.
You now have 32 gold pieces (gained 16).
You see here a rat corpse.
A ball python, a quokka and a kobold come into view.
The kobold shouts!
The ball python moves out of view.
Casting: Beastly Appendage (safe; 11% risk of failure)
Confirm with . or Enter, or press ? or * to list all spells.
You grow a pair of large bovine horns.
The kobold throws a stone.
The stone closely misses you.
Your transformation is almost over.
The kobold throws a stone.
The stone hits you but does no damage.
Found 4 gold pieces.
The ball python hisses angrily.
You hit the kobold but do no damage. The kobold hits you with a +0 club.
You hit the kobold.
You kill the kobold!
The quokka bites you.
Found a falchion.
You hit the quokka but do no damage. The quokka bites you.
You are too injured to fight recklessly!
You hit the quokka.
The quokka is almost dead.
The quokka bites you.
* * * LOW HITPOINT WARNING * * *
You hit the quokka but do no damage.
The quokka is almost dead.
The ball python bites you.
* * * LOW HITPOINT WARNING * * *
The quokka bites you.
You die...

##<## ###...### ....
...)... #...≈...#.#...
#....... #.⌠.≈.⌠.#.....#
#.......
#...≈...#......##.......
#.⌠.≈.⌠.#.......#.....
#...≈...#.......#...
#.⌠.≈.⌠.#..##..r#.# #
#...≈...#..##.#.@.###....
#.⌠.≈.⌠.#..##....S)......
#.[.≈...#..###†.....#....
#.⌠.≈.⌠.##.......##.# ..
#...≈...#..###...# ...
###...###>.............$
##∩## #.###.##.####..#
#.# #.# #.##.# .... #.#
##.# #. #.# ###


You could see a quokka and a ball python.

Vanquished Creatures
  A dart slug (D:1)
  A kobold (D:1)
  A rat (D:1)
3 creatures vanquished.

Notes
Turn   | Place    | Note
-------+----------+-------------------------------------------
     0 | D:1      | BbI4ka the Naga Transmuter began the quest for the Orb.
     0 | D:1      | Reached XP level 1. HP: 18/18 MP: 3/3
   116 | D:1      | Slain by a quokka

Illustrated notes

Levels and vault maps discovered:
D:1:      mainiacjoe_arrival_reflecting_pool, layout_rooms,
          shapermc_ecumenical_altar_starsandcircs

Action                   || total
-------------------------++-------
Melee: Unarmed           ||    10
       Headbutt          ||     1
 Cast: Beastly Appendage ||     2
Armor: Robe              ||     1
Dodge: Dodged            ||     3
